 Dungeon Crawl Stone Soup version 0.31-a0-496-g6f97920a28 (webtiles) character file.

Game seed: 3295574152180691783

258 AstroCodex24 the Chopper (level 5, -1/41 HPs)
             Began as a Vampire Fighter on Aug 8, 2023.
             Slain by a water moccasin (3 damage)
             ... on level 4 of the Dungeon.
             The game lasted 00:05:04 (1164 turns).

AstroCodex24 the Chopper (Vampire Fighter)          Turns: 1164, Time: 00:05:04

Health: -1/41      AC:  7    Str: 17    XL:     5   Next: 94%
Magic:  5/5        EV: 14    Int: 10    God:
Gold:   66         SH:  0    Dex: 20    Spells: 4/4 levels left

rFire   . . .        a - +0 war axe
rCold   . . .        c - +0 buckler
rNeg    . . .        b - +0 scale mail
rPois   .            (no helmet)
rElec   .            (no cloak)
rCorr   .            (no gloves)
SInv    +            j - +0 pair of boots
Will    .....        (no amulet) Stlth
                     k - +5 ring of evasion
HPRegen 0.46/turn    q - +6 ring of dexterity
MPRegen 0.09/turn

%: no passive effects
@: confused, lethally poisoned (-1 -> -3), healing quickly
A: alive, fangs 3, see invisible, vampiric 2
a: Exsanguinate


You were on level 4 of the Dungeon.
You visited 1 branch of the dungeon, and saw 5 of its levels.

You collected 66 gold pieces.

Inventory:

Hand Weapons
 a - a +0 war axe (weapon)
 p - a +0 orcbow
Armour
 b - a +0 scale mail (worn)
 c - a +0 buckler (worn)
 j - a +0 pair of boots (worn)
Jewellery
 k - a +5 ring of evasion (left hand)
 q - a +6 ring of dexterity (right hand)
Scrolls
 e - 2 scrolls of revelation {unknown}
 g - a scroll of acquirement {unknown}
 h - a scroll of fog {unknown}
 i - a scroll of blinking {unknown}
 m - a scroll of identify {unknown}
 n - a scroll of teleportation {unknown}
 o - a scroll of poison {unknown}
 s - a scroll of immolation {unknown}
Potions
 d - a potion of might
 f - a potion of berserk rage {unknown}
 l - a potion of ambrosia {unknown}
 r - a potion of curing {unknown}


   Skills:
 + Level 3.3 Fighting
 + Level 4.2 Axes
 + Level 3.1 Armour
 + Level 1.1 Dodging
 + Level 0.2 Stealth
 + Level 3.3 Shields


You had 4 spell levels left.
You didn't know any spells.
Your spell library contained the following spells:

 Spells                   Type           Power      Damage    Failure   Level
 Ensorcelled Hibernation  Hex/Ice        0%         N/A       94%         2
 Anguish                  Hex/Necr       0%         N/A       100%        4


Dungeon Overview and Level Annotations

Branches:
Dungeon (5/15)             Temple (0/1) D:4

Altars:


Innate Abilities, Weirdness & Mutations

Your natural rate of healing is accelerated.
You have razor-sharp teeth.
You have supernaturally acute eyesight. (SInv)
You are afflicted with vampirism and can become a bat while bloodless.


Message History

The water moccasin closely misses you. The orc wizard closely misses you.
You hit the water moccasin but do no damage.
The water moccasin is lightly wounded.
You hit the orc wizard but do no damage.
The water moccasin misses you.
The orc wizard hits you but does no damage.
You block the water moccasin's attack.
You closely miss the water moccasin.
The water moccasin is lightly wounded.
You hit the orc wizard but do no damage.
The water moccasin closely misses you.
The orc wizard gestures at you while chanting.
You are confused.
The water moccasin bites you.
The orc wizard hits you but does no damage.
You barely miss the water moccasin.
The water moccasin is lightly wounded.
You hit the orc wizard. The water moccasin bites you.
* * * LOW HITPOINT WARNING * * *
The orc wizard misses you.
The water moccasin completely misses you.
The water moccasin bites you.
* * * LOW HITPOINT WARNING * * *
You are lethally poisoned!
The water moccasin poisons you!
The orc wizard attacks as you move away!
The orc wizard hits you but does no damage.
* * * LOW HITPOINT WARNING * * *
You feel very sick.
The water moccasin bites you but does no damage.
* * * LOW HITPOINT WARNING * * *
You feel sick.
The water moccasin completely misses you.
* * * LOW HITPOINT WARNING * * *
You feel sick.
The orc wizard attacks as you move away!
The orc wizard closely misses you.
* * * LOW HITPOINT WARNING * * *
You feel sick. The water moccasin bites you.
You die...

###.#. #.#...
#.#..##.#.###
#.#..##....
#.##.###### .....
#..# #..########
#......o..#
#########......S@.#
...).......>......#
[.........).......#
#####.#########...#
#.# #...# #.##
#...# #..##
####...# #...
.......# +#.#.
..##.#.#


You could see a water moccasin and an orc wizard (invisible).

Vanquished Creatures
  A phantom (D:3)
  2 jellies (D:4)
  An orc priest (D:3)
  4 adders
  A white imp (D:4)
  4 orcs
  3 endoplasms
  A giant cockroach (D:3)
  4 goblins
  4 hobgoblins
  4 jackals (D:2)
  2 quokkas
  A ball python (D:4)
  2 bats (D:2)
  A frilled lizard (D:3)
  6 kobolds
  A rat (D:3)
42 creatures vanquished.

Notes
Turn   | Place    | Note
-------+----------+-------------------------------------------
     0 | D:1      | AstroCodex24 the Vampire Fighter began the quest for the
                  | Orb.
     0 | D:1      | Reached XP level 1. HP: 17/17 MP: 1/1
   202 | D:2      | Reached skill level 2 in Axes
   210 | D:2      | Reached XP level 2. HP: 23/23 MP: 2/2
   288 | D:3      | Gained mutation: You are afflicted with vampirism and can
                  | become a bat while bloodless. [Vampire growth]
   288 | D:3      | Reached XP level 3. HP: 19/29 MP: 3/3
   403 | D:3      | Noticed a phantom
   407 | D:3      | Reached XP level 4. HP: 25/35 MP: 4/4
   425 | D:3      | Killed a phantom
   426 | D:3      | Reached skill level 3 in Axes
   426 | D:3      | Reached XP level 5. HP: 10/41 MP: 5/5
   857 | D:4      | Found a staircase to the Ecumenical Temple.
   934 | D:4      | Reached skill level 1 in Dodging
  1017 | D:4      | Reached skill level 4 in Axes
  1137 | D:5      | Entered Level 5 of the Dungeon
  1141 | D:5      | Noticed a water moccasin
  1163 | D:4      | HP: 2/41 [poisoned by a water moccasin]
  1164 | D:4      | Slain by a water moccasin

Illustrated notes

Levels and vault maps discovered:
D:1:      dpeg_arrival_snail, layout_loops_ring
D:2:      minmay_diamond_boxcup, layout_rooms, basic_altar
D:3:      layout_rooms
D:4:      layout_basic, minmay_temple_entry_glassed_door, minmay_pentangle
D:5:      cheibrodos_quashed, layout_basic,
          chequers_temple_overflow_statue_of_worship, serial_shops, shop,
          uniq_ijyb, uniq_menkaure, uniq_grinder, uniq_eustachio

Skill      XL: |  1  2  3  4  5 |
---------------+----------------+-----
Axes           | 2 3 4 |  4.2
Fighting       | 3 |  3.3
Shields        | 3 |  3.3
Armour         | 3 |  3.1
Dodging        | 1 |  1.1
Stealth        | |  0.2

Action                     |  1- 3 |  4- 6 || total
---------------------------+-------+-------++-------
  Melee: War axe           |    69 |    69 ||   138
         Bite              |    11 |     2 ||    13
 Armour: Scale mail        |    43 |    35 ||    78
  Dodge: Dodged            |    35 |    71 ||   106
  Block: Buckler           |    16 |    17 ||    33

Table legend: (Time is in decaauts)
 A = Elapsed time spent in this place.
 B = Non-inter-level travel time spent in this place.
 C = Inter-level travel time spent in this place.
 D = Time resting spent in this place.
 E = Time spent auto-exploring this place.
 F = Levels seen in this place.
 G = Mean time per level.
                   A        B        C        D        E       F      G
               +--------+--------+--------+--------+--------+-----+--------+
         Total |   1217 |   1194 |     23 |      0 |      0 |   5 |  243.4 |
       Dungeon |   1217 |   1194 |     23 |      0 |      0 |   5 |  243.4 |
               +--------+--------+--------+--------+--------+-----+--------+

Top non-repeatable levels by time:
     D:4: 537 daAuts
     D:3: 385 daAuts
     D:2: 174 daAuts
     D:1: 108 daAuts
     D:5: 12 daAuts
